 Dungeon Crawl Stone Soup version 0.26-a0-597-gb535b0901c (webtiles) character file.

Game seed: 14702863245570095591

22 Alarkh the Insei (level 2, 23/23 HPs)
             Began as a Demonspawn Gladiator on Sept 12, 2020.
             Got out of the dungeon alive.
             The game lasted 00:00:44 (1087 turns).

Alarkh the Insei (Demonspawn Gladiator)             Turns: 1087, Time: 00:00:45

Health: 23/23      AC:  3    Str: 14    XL:     2   Next: 68%
Magic:  2/2        EV: 12    Int:  9    God:
Gold:   60         SH:  0    Dex: 14    Spells: 1/1 levels left

rFire    . . .     SeeInvis .     - Unarmed
rCold    . . .     Faith    .   (no shield)
rNeg     . . .     Spirit   .   a - +0 leather armour
rPois    .         Reflect  .   (helmet restricted)
rElec    .         Harm     .   (no cloak)
rCorr    .                      (no gloves)
MR       .....                  (no boots)
Stlth    +.........             (no amulet)
HPRegen  0.07/turn              (no ring)
MPRegen  0.08/turn              (no ring)

@: no status effects
A: antennae 1
a: no special abilities


You escaped.
You visited 1 branch of the dungeon, and saw 1 of its levels.

You collected 60 gold pieces.

Inventory:

Missiles
 c - 3 throwing nets (quivered)
Armour
 a - a +0 leather armour (worn)
 b - a +0 helmet
Scrolls
 d - a scroll of immolation {unknown}
 e - 3 scrolls of remove curse {unknown}
 f - 3 scrolls of noise {unknown}
 g - a scroll of magic mapping {unknown}


   Skills:
 + Level 2.4 Fighting
 - Level 1.7 Throwing
 - Level 2.6 Dodging
 * Level 3.4 Unarmed Combat


You had one spell level left.
You didn't know any spells.
Your spell library was empty.

Dungeon Overview and Level Annotations

Branches:
Dungeon (1/15)

Altars:


Innate Abilities, Weirdness & Mutations

You have a pair of small antennae on your head.


Message History

You see here a stone.
You open the door.
There is an open door here.
You open the door.
There is an open door here.
Found 34 stones.
There is an open door here.
There is an open door here.
There is an open door here.
You open the door.
There is an open door here.
You open the door.
Found a whip.
There is an open door here.
Found a ring mail.
There is an open door here.
There is an open door here.
There is a staircase leading out of the dungeon here.
Are you sure you want to leave the Dungeon?
This will make you lose the game!
You have escaped!

+...........≈≈≈≈.≈≈≈≈...'........
##.....####.≈≈≈≈.≈≈≈≈.#.#........
##.......##.≈≈≈≈.≈≈≈≈.#.##.......
#.....#.##.≈≈≈≈.≈≈≈≈...###.....#
#.....#.##.≈≈≈≈.≈≈≈≈..## ##...##
####.##.#..≈≈≈≈.≈≈≈≈..# ##'##
#.......P≈≈...≈≈P..# #.#
####.##...........## #.#
#.##.....@.....#### ##.##
#.##..............###...##
########.##.P≈≈...≈≈P..#.##......
............≈≈≈≈.≈≈≈≈..#.###...##
.#########..≈≈≈≈.≈≈≈≈.##.####.##
.# ##.≈≈≈≈.≈≈≈≈.##......# ##
#.≈≈≈≈.≈≈≈≈.#######.#
#.≈≈≈≈.≈≈≈≈.# #.# #.≈≈≈≈.≈≈≈≈.#
#.#


There were no monsters in sight!

Vanquished Creatures
  A leopard gecko (D:1)
  A giant cockroach (D:1)
  A goblin (D:1)
  A hobgoblin (D:1)
  5 jackals (D:1)
  2 kobolds (D:1)
  3 bats (D:1)
  3 frilled lizards (D:1)
  2 rats (D:1)
19 creatures vanquished.

Notes
Turn   | Place    | Note
-------+----------+-------------------------------------------
     0 | D:1      | Alarkh the Demonspawn Gladiator began the quest for the
                  | Orb.
     0 | D:1      | Reached XP level 1. HP: 16/16 MP: 1/1
   115 | D:1      | Reached skill level 3 in Unarmed Combat
   144 | D:1      | Gained mutation: You have a pair of small antennae on your
                  | head. [demonic ancestry]
   144 | D:1      | Reached XP level 2. HP: 9/22 MP: 2/2
  1087 | D:$      | Got out of the dungeon alive.

Illustrated notes

Levels and vault maps discovered:
D:1:      giann_bridges, layout_loops_corners

Skill      XL: |  1 |
---------------+----+-----
Unarmed Combat | 3 |  3.4
Fighting       | |  2.4
Throwing       | |  1.7
Dodging        | |  2.6

Action                   || total
-------------------------++-------
Melee: Unarmed           ||    97
       Punch             ||     1
  Use: Potion            ||     1
 Stab: Sleeping          ||     2
Armor: Leather armour    ||    52
Dodge: Dodged            ||    91

Table legend: (Time is in decaauts)
 A = Elapsed time spent in this place.
 B = Non-inter-level travel time spent in this place.
 C = Inter-level travel time spent in this place.
 D = Time resting spent in this place.
 E = Time spent auto-exploring this place.
 F = Levels seen in this place.
 G = Mean time per level.
                   A        B        C        D        E       F      G
               +--------+--------+--------+--------+--------+-----+--------+
         Total |   1066 |   1024 |     42 |    215 |    624 |   1 | 1066.0 |
       Dungeon |   1066 |   1024 |     42 |    215 |    624 |   1 | 1066.0 |
               +--------+--------+--------+--------+--------+-----+--------+

Top non-repeatable levels by time:
     D:1: 1066 daAuts
